 Dungeon Crawl Stone Soup version 0.29.1-15-g9cfb28693d (webtiles) character file.

Game seed: 9708360519518948791

299 hawla the Chiller (level 6, 0/47 HPs)
             Began as a Meteoran Ice Elementalist on Mar 26, 2023.
             Slain by a wraith (12 damage)
             ... in an ossuary.
             The game lasted 00:08:55 (1389 turns).

hawla the Chiller (Meteoran Ice Elementalist)       Turns: 1389, Time: 00:08:55

Health: 0/47       AC:  3    Str:  9    XL:     6   Next: 96%
Magic:  15/15      EV: 13    Int: 18    God:
Gold:   247        SH:  0    Dex: 16    Spells: 7/15 levels left

rFire   . . .      SeeInvis .   l - +0 falchion
rCold   . . .      Faith    .   (no shield)
rNeg    . . .      Spirit   .   a - +0 robe
rPois   .          Reflect  .   (no helmet)
rElec   .          Harm     .   (no cloak)
rCorr   .          Rampage  .   e - +0 pair of gloves
Will    .....                   (no boots)
Stlth   +.........              i - amulet of the acrobat
HPRegen 0.15/turn               (no ring)
MPRegen 0.14/turn               (no ring)

@: slowed, glowing, very slow
A: sense surroundings 1, otherworldly, glowing, explore regen
a: no special abilities


You were in an ossuary.
You visited 1 branch of the dungeon, and saw 4 of its levels.
You also visited: Ossuary.

You collected 247 gold pieces.

Inventory:

Hand Weapons
 l - a +0 falchion (weapon)
Armour
 a - a +0 robe (worn)
 e - a +0 pair of gloves (worn)
Jewellery
 i - an amulet of the acrobat (around neck)
Scrolls
 g - a scroll of butterflies
 j - a scroll of vulnerability {unknown}
 m - a scroll of enchant weapon {unknown}
 n - a scroll of magic mapping {unknown}
Potions
 b - 2 potions of magic
 c - a potion of attraction
 f - 3 potions of curing


   Skills:
 - Level 1.1 Fighting
 - Level 2.8 Dodging
 - Level 1.4 Stealth
 - Level 5.4 Spellcasting
 + Level 0.9 Conjurations
 - Level 6.4 Ice Magic


You had 7 spell levels left.
You knew the following spells:

 Your Spells              Type           Power      Damage    Failure   Level
a - Freeze                Ice            100%       1d11      1%          1
b - Frozen Ramparts       Ice            56%        1d9       2%          3
c - Hailstorm             Conj/Ice       18%        3d6       28%         4

Your spell library contained the following spells:

 Spells                   Type           Power      Damage    Failure   Level
 Ozocubu's Armour         Ice            28%        N/A       2%          3
 Summon Lightning Spire   Summ/Air       4%         N/A       77%         4
 Alistair's Intoxication  Tmut/Pois      2%         N/A       98%         5
 Borgnjor's Vile Clutch   Necr/Erth      2%         N/A       98%         5
 Eringya's Noxious Bog    Tmut/Pois      2%         N/A       100%        6
 Storm Form               Tmut/Air       2%         N/A       100%        7
 Maxwell's Capacitive Co  Air            2%         ∞         100%        8


Dungeon Overview and Level Annotations

Branches:
Dungeon (4/15) Zot: 1146  Ossuary (1/1) Zot: 444
 Temple: D:4-7

Altars:
Ashenzari


Innate Abilities, Weirdness & Mutations

You passively map a small area around you.
You are easily found by Zot.
You glow in the dark.
You regain HP and MP as you explore.


Message History

The wraith hits you but does no damage.
You hit the wraith but do no damage.
The wraith is moderately damaged.
The wraith hits you but does no damage. The wraith hits you.
The wraith drains your vigour!
You feel as though you will be slow longer.
It was a potion of ambrosia.
You are confused.
You feel invigorated. The wraith barely misses you.
You barely miss the wraith.
The wraith is moderately damaged.
The wraith barely misses you. The wraith hits you.
You miss the wraith.
The wraith is moderately damaged.
The wraith misses you. The wraith closely misses you.
The wraith barely misses you.
You barely miss the wraith.
The wraith is lightly damaged.
The wraith hits you. The wraith misses you.
You hit the wraith.
The wraith is moderately damaged.
You feel less invigorated.
You feel less confused. The wraith barely misses you. The wraith hits you!
The wraith drains your vigour!
You feel as though you will be slow longer.
You closely miss the wraith.
The wraith is moderately damaged.
The wraith hits you! The wraith drains your vigour!
You feel as though you will be slow longer.
The wraith hits you! The wraith drains your vigour!
You feel as though you will be slow longer.
You barely miss the wraith.
The wraith is moderately damaged.
The wraith completely misses you. The wraith hits you!
* * * LOW HITPOINT WARNING * * *
You hit the wraith.
The wraith is heavily damaged.
The wraith closely misses you. The wraith hits you!
You die...

* ###################
................... ,
..................∩ ,
, .#####'#####......
, ##.........##.....
##...#####...##.... *
,##...##...##...##...
#...##.?!..##...#...
+..@W.!!!.?.#...+...
, ,
#...##.?...##...#...
##...##...##...## ,
##...#####...##
.##.........##. ,
..#####'#####.. ,
..............., ,
............... ,,
######'''###### *


You could see a wraith.

Vanquished Creatures
  A hound (D:4)
  4 orc wizards
  A mummy (Ossuary)
  4 adders
  15 orcs
  6 endoplasms
  3 giant cockroaches
  6 goblins
  3 hobgoblins
  9 kobolds
  2 quokkas (D:4)
  3 ball pythons
  5 bats
  A frilled lizard (D:1)
  2 gnoll skeletons (Ossuary)
  7 kobold skeletons (Ossuary)
  5 orc skeletons (Ossuary)
  9 rats
86 creatures vanquished.

Vanquished Creatures (collateral kills)
  Jessica (D:2)
  A hobgoblin (D:2)
2 creatures vanquished.

Vanquished Creatures (others)
  2 plants (D:3)
2 creatures vanquished.

Grand Total: 90 creatures vanquished

Notes
Turn   | Place    | Note
-------+----------+-------------------------------------------
     0 | D:1      | hawla the Meteoran Ice Elementalist began the quest for the
                  | Orb.
     0 | D:1      | Reached XP level 1. HP: 14/14 MP: 5/5
    29 | D:1      | Found a faded altar of an unknown god.
    34 | D:1      | Reached XP level 2. HP: 13/20 MP: 0/6
    97 | D:1      | Reached XP level 3. HP: 22/26 MP: 2/8
   111 | D:1      | Reached skill level 5 in Ice Magic
   328 | D:2      | Learned a level 3 spell: Frozen Ramparts
   339 | D:2      | Noticed Jessica
   348 | D:2      | Killed Jessica
   349 | D:2      | Reached XP level 4. HP: 25/33 MP: 7/10
   837 | D:3      | Found a broken altar of Ashenzari.
   846 | D:3      | Reached XP level 5. HP: 39/39 MP: 8/12
   957 | D:3      | Reached skill level 1 in Fighting
   973 | D:3      | Reached skill level 6 in Ice Magic
   973 | D:3      | Reached XP level 6. HP: 23/47 MP: 6/14
  1031 | D:4      | Reached skill level 5 in Spellcasting
  1239 | D:4      | Found a sand-covered staircase.
  1255 | Ossuary  | Entered an ossuary
  1255 | Ossuary  | Noticed a wraith
  1255 | Ossuary  | Noticed a wraith
  1255 | Ossuary  | Noticed a wraith
  1285 | Ossuary  | Learned a level 4 spell: Hailstorm
  1334 | Ossuary  | Noticed a wraith
  1389 | Ossuary  | Slain by a wraith

Illustrated notes

Levels and vault maps discovered:
D:1:      wander_arrival_peaceful_grave, layout_rooms,
          hellmonk_ecumenical_altar_arch_garden, serial_bayou_lagoon_a,
          serial_bayou_ford_a, minmay_pentomino_v4
D:2:      layout_loops_corners, minmay_rat_gold_closets, uniq_jessica
D:3:      layout_loops_ring, nicolae_overflow_crystal_walls, serial_forest,
          infiniplex_forest_clump_diagonal, infiniplex_forest_3_way,
          infiniplex_forest_clump_small, infiniplex_forest_clump_tiny
D:4:      layout_rooms, minmay_temple_entry_mist, enter_ossuary_2
Ossuary:  ossuary_due_mausoleum

Skill      XL: |  1  2  3  4  5  6 |
---------------+-------------------+-----
Spellcasting   | 3 4 5 |  5.4
Ice Magic      | 5 6 |  6.4
Fighting       | 1 |  1.1
Dodging        | |  2.8
Stealth        | |  1.4
Conjurations   | |  0.9

Action                   |  1- 3 |  4- 6 || total
-------------------------+-------+-------++-------
Melee: Unarmed           |     3 |    21 ||    24
       Falchion          |       |    38 ||    38
 Cast: Freeze            |    28 |    35 ||    63
       Frozen Ramparts   |       |    24 ||    24
       Hailstorm         |       |     2 ||     2
  Use: Scroll            |     4 |     6 ||    10
       Potion            |       |     3 ||     3
Armor: Robe              |     4 |    22 ||    26
Dodge: Dodged            |    22 |    74 ||    96
